[Event "Late-Titled-Tuesday-Blitz-April-23-2024"]
[Site "Chess.com"]
[Date "2024.04.23"]
[Round "6"]
[White "Hamisandwich"]
[Black "GMKrikor"]
[Result "1-0"]
[WhiteElo "2742"]
[BlackElo "2880"]
[TimeControl "180+1"]
[EndTime "15:09:24 PDT"]
[Termination "Hamisandwich won on time"]

1. e4 c5 2. Nc3 Nc6 3. Bb5 Nf6 4. Bxc6 dxc6 5. d3 e5 6. h3 Bd6 7. Be3 Nd7 8. Nge2 Nf8 9. O-O Ne6 10. f4 exf4 11. Nxf4 Bxf4 12. Bxf4 O-O 13. Be3 b6 14.
Qd2 Qd6 15. Qf2 Bd7 16. Rad1 Rae8 17. a4 a5 18. b3 Qe5 19. Ne2 f5 20. Qh4 fxe4 21.
dxe4 Rxf1+ 22. Rxf1 Nf8 23. Ng3 Ng6 24. Qg5 Qxg5 25.
Bxg5 Be6 26. Rd1 h6 27. Be3 Kf7 28. Rd6 Ne7 29. Ne2 Bc8 30. Nf4 g5 31. Nd3 Ng6 32. Rxc6 Rxe4 33. Bxc5 bxc5 34. Rxc8 c4 35. Rxc4 Rxc4 36.
bxc4 Ke6 37. Kf2 Nh4 38. Nc5+ Ke5 39. Nb3 Nf5 40. c5 Kd5 41. Kf3 Nh4+ 42. Kg3 Nf5+ 43. Kf3 Nh4+ 44. Kf2 Nf5 45. Nxa5 Kxc5 46. Nb3+ Kb4 47.
a5 Kb5 48. g3 Nd6 49. Kf3 h5 50. g4 hxg4+ 51. Kxg4 Ne4 52. c4+ Ka6 53. c5 Kb5 54.
Kf3 Nf6 55. Ke3 g4 56. h4 Nh5 57. Kf2 Ka6 58. c6 Nf6 59. Kg3 Ka7 60. Nd4 Ka6 61. Nb3 Ka7 62. Nc5 Ka8 63. c7 1-0

[Event "Late-Titled-Tuesday-Blitz-April-23-2024"]
[Site "Chess.com"]
[Date "2024.04.23"]
[Round "6"]
[White "Veleamater"]
[Black "Oleg_Papayan"]
[Result "0-1"]
[WhiteElo "2436"]
[BlackElo "2643"]
[TimeControl "180+1"]
[EndTime "15:09:29 PDT"]
[Termination "Oleg_Papayan won by resignation"]

1. g3 d5 2. Bg2 e5 3. d3 Nc6 4.
Nf3 h5 5. h4 f6 6. Nc3 Be6 7.
O-O Qd7 8. a3 Be7 9. b4 Nh6 10. e4 d4 11. Nd5 Nf7 12. Nxe7 Nxe7 13. Bb2 O-O-O 14. Qd2 Bh3 15. Rfd1 Bxg2 16. Kxg2 Qg4 17.
Rh1 Ng6 18. Ng1 Nf4+ 19. Kf1 Ne6 20. Qe2 Qxe2+ 21. Kxe2 g5 22. Nf3 g4 23. Nd2 Kd7 24. Raf1 Ke7 25. Nc4 Rhg8 26. a4 Rg6 27. b5 Nd6 28. Ba3 Kf7 29. Na5 b6 30. Nc6 Ra8 31. Bxd6 cxd6 32. Ra1 Nd8 33. Nxd8+ Rxd8 34. a5 Ke6 35.
Rhc1 Rg7 36. Ra4 Rc7 37. axb6 axb6 38. Kd2 Rc5 39. Rb4 Ra8 40. Rb2 Ra5 41. c3 dxc3+ 42. Rxc3 Rcxb5 43. Rcb3 Rxb3 44. Rxb3 b5 45. Ke3 d5 46.
exd5+ Kxd5 47. Rb4 f5 48. Rb2 Kc5 49. Rc2+ Kd5 50.
Rb2 Kc5 51. Rc2+ Kb6 52. Rc8 b4 53. Rb8+ Kc5 54. Re8 Kc6 55. Rc8+ Kb5 56. Rf8 Ka4 57. Kd2 Rc5 58. Rxf5 b3 59. Rf8 Ka3 60. Rb8 Kb2 61. Ke3 Kc2 62. d4 exd4+ 63. Kxd4 Rc7 64. Ke3 b2 65. f3 gxf3 66. Kxf3 b1=Q 67. Rxb1 Kxb1 68.
g4 Rc3+ 69. Kf4 Rc4+ 70. Kg5 hxg4 71. h5 g3 72. h6 g2 0-1

[Event "Late-Titled-Tuesday-Blitz-April-23-2024"]
[Site "Chess.com"]
[Date "2024.04.23"]
[Round "6"]
[White "manmanlai1"]
[Black "only_strong_moves"]
[Result "0-1"]
[WhiteElo "2522"]
[BlackElo "2716"]
[TimeControl "180+1"]
[EndTime "15:09:39 PDT"]
[Termination "only_strong_moves won by resignation"]

1. e4 d5 2. exd5 Qxd5 3. Nc3 Qa5 4. d4 Nf6 5. Nf3 Bf5 6. Bc4 e6 7. O-O c6 8. Ne5 Nbd7 9. f4 Bb4 10. Bd2 O-O 11. Kh1 c5 12. a3 Bxc3 13. Bxc3 Qc7 14. Nxd7 Nxd7 15. dxc5 Nxc5 16. Qd4 f6 17. Rfe1 Rad8 18.
Qe3 Rfe8 19. Bd4 Ne4 20. Bd3 Nd6 21. Bxa7 Qc6 22. Bb6 Rc8 23. Rac1 h5 24. Ba5 h4 25.
Bxf5 Nxf5 26. Qe4 Qb5 27. Bb4 Rc4 28. Qf3 Qc6 29. Qxc6 bxc6 30. Bc3 Rxf4 31. Kg1 e5 32. Rcd1 Re7 33. b3 e4 34. a4 h3 35. g3 Rf3 36. Bb4 Re8 37. Bc5 e3 38. Re2 Ne7 39.
Bxe7 Rxe7 40. a5 Rf5 41. Ra1 Ra7 42. a6 Re5 43. Ra3 c5 44. Ra5 Kf7 45. Kf1 Ke6 46.
Re1 Kd5 47. Ke2 Kc6 48. Rd1 g5 49. Ra4 f5 50. Rd8 Re6 51. Rf8 Re5 52. Rf6+ Kb5 53. Rg6 c4 54. Rxc4 Rxa6 55. Rxg5 Rd6 56. Rf4 Rd2+ 57.
Ke1 Rxh2 58. Rfxf5 Rxf5 59. Rxf5+ Kb4 60. Rf3 Rxc2 61.
g4 h2 62. Rh3 h1=Q+ 63. Rxh1 Rc1+ 64. Ke2 Rxh1 65. Kxe3 Rf1 66. Ke4 Kxb3 67. g5 Kc4 68.
g6 Kc5 69. Ke5 Re1+ 70. Kf6 Rf1+ 71. Ke6 Re1+ 72. Kf7 Kd6 73. g7 Rf1+ 74. Kg8 Ke7 75. Kh7 Rh1+ 76. Kg6 Rg1+ 77. Kh7 Kf7 0-1

[Event "Late-Titled-Tuesday-Blitz-April-23-2024"]
[Site "Chess.com"]
[Date "2024.04.23"]
[Round "6"]
[White "Ajedrez_con_German"]
[Black "emeli_chess"]
[Result "1/2-1/2"]
[WhiteElo "2649"]
[BlackElo "2466"]
[TimeControl "180+1"]
[EndTime "15:09:39 PDT"]
[Termination "Game drawn by repetition"]

1. a3 d5 2. e3 e5 3. d4 exd4 4. exd4 Nf6 5. Nf3 Bf5 6. c4 c6 7. Nc3 Bd6 8. Qb3 Qe7+ 9. Be2 dxc4 10. Qxc4 Nbd7 11. O-O Nb6 12. Qb3 O-O 13. Bg5 Qe6 14. Qd1 Nbd5 15. Re1 Ne4 16. Nxe4 Qxe4 17. Qb3 Rab8 18.
Rad1 Qc2 19. Bc4 Qxb3 20. Bxb3 f6 21. Bc1 Rfe8 22. Nd2 Be6 23. Nc4 Bc7 24. Ne3 Bf7 25. Nxd5 Bxd5 26. Bxd5+ cxd5 27. Bd2 Kf7 28. g3 Rxe1+ 29.
Rxe1 Re8 30. Rc1 Bd6 31. Kf1 Ke6 32. Rc3 Kd7 33. h4 Rc8 34. Rb3 b6 35. Ke2 h5 36.
Kd3 Re8 37. Be3 g6 38. Rc3 Rc8 39. Rb3 f5 40. Bd2 Rc4 41. Be3 Kc6 42. Rc3 Rxc3+ 43.
Kxc3 b5 44. Kd3 a6 45. Ke2 Bc7 46. Kf3 Bd6 47. Bf4 Be7 48. Be5 b4 49. axb4 Bxb4 50. Bf4 Kd7 51. b3 Kc6 52. Ke2 Kb5 53. Kd3 Be7 54. Bd2 Bf6 55. Ke3 Be7 56. Kd3 Bf6 57. Bc3 a5 58. Kc2 a4 59. bxa4+ Kxa4 60. Kd3 Kb3 61. Bd2 Bg7 62. Be3 Bf6 63. Bf4 Bg7 64.
Be5 Bh6 65. Bf4 Bg7 66. Be5 Bh6 67. f3 Bf8 68. Bc7 Bg7 69. Be5 Bh6 70. Bd6 Bg7 71.
Bc7 Bh6 72. Be5 Bf8 73. Kd2 Bh6+ 74. Kd3 1/2-1/2

[Event "Late-Titled-Tuesday-Blitz-April-23-2024"]
[Site "Chess.com"]
[Date "2024.04.23"]
[Round "6"]
[White "ubdip"]
[Black "Nf3c5"]
[Result "0-1"]
[WhiteElo "2424"]
[BlackElo "2614"]
[TimeControl "180+1"]
[EndTime "15:09:40 PDT"]
[Termination "Nf3c5 won on time"]

1. c4 Nf6 2. Nc3 g6 3. e4 d6 4.
d4 Bg7 5. Nf3 O-O 6. Be3 Na6 7.
Be2 e5 8. O-O Ng4 9. Bg5 Qe8 10.
h3 f6 11. Bd2 Nh6 12. Re1 Nf7 13. Be3 c6 14. Qc2 Qe7 15. Rad1 Bd7 16. Rd2 Kh8 17.
Red1 Bc8 18. a3 f5 19. exf5 gxf5 20. dxe5 dxe5 21. g3 Nc5 22. Bxc5 Qxc5 23. b4 Qe7 24. c5 f4 25. g4 Ng5 26. Nxg5 Qxg5 27. Ne4 Qh4 28. Kg2 Be6 29. Bf3 Bd5 30. Rxd5 cxd5 31. Rxd5 Rad8 32. Qd3 Rxd5 33. Qxd5 Qe7 34. Nd6 b6 35. c6 e4 36. Bxe4 f3+ 37. Bxf3 Be5 38. Nf5 Qc7 39. b5 Rd8 40. Qe6 Bg7 41. Qe4 Rf8 42. a4 Qf7 43. Qd5 Qc7 44. Qe6 Rd8 45. Qe4 Qe5 46. Qxe5 Bxe5 47. Be4 Rd1 48. Kf3 Ra1 49.
Bc2 Ra2 50. Be4 Rxa4 51. Ne7 Rb4 52. Bd3 Bd6 53. Nd5 Rd4 54. Be4 Rc4 55. Ke3 Rc5 56. f4 Rxb5 57. f5 Rb3+ 58. Bd3 a5 59. c7 Bxc7 60.
Nxc7 a4 61. Nb5 a3 62. Nxa3 Rxa3 63. Kd4 Kg7 64. h4 Ra4+ 65. Ke5 Rxg4 66. f6+ Kh8 67. Bf5 Rxh4 68. Ke6 Rh1 0-1

[Event "Late-Titled-Tuesday-Blitz-April-23-2024"]
[Site "Chess.com"]
[Date "2024.04.23"]
[Round "6"]
[White "DrVelja"]
[Black "Alexei_Gubajdullin"]
[Result "1-0"]
[WhiteElo "2966"]
[BlackElo "2592"]
[TimeControl "180+1"]
[EndTime "15:09:41 PDT"]
[Termination "DrVelja won by checkmate"]

1. d4 Nf6 2. c4 g6 3. Nc3 Bg7 4. e4 d6 5. Be2 O-O 6. Be3 Na6 7.
Nf3 e5 8. O-O c6 9. d5 Ng4 10.
Bg5 f6 11. Bh4 c5 12. Ne1 h5 13. Nd3 Nb4 14. Ne1 Na6 15. a3 Nh6 16. f3 Nf7 17.
Nd3 Bh6 18. Bf2 Bg5 19. b4 b6 20.
Rb1 Bd7 21. Qe1 Kg7 22. Bd1 Qe8 23. Bb3 Rh8 24. Qd1 h4 25. h3 f5 26. Ba4 Bxa4 27. Qxa4 Qxa4 28. Nxa4 fxe4 29. fxe4 cxb4 30. axb4 Rhc8 31.
c5 bxc5 32. bxc5 dxc5 33. Naxc5 Nxc5 34. Nxc5 Be7 35. Ne6+ Kg8 36. Rb7 Re8 37. Bxh4 g5 38.
Bg3 Nd6 39. Rd7 Nxe4 40. Bxe5 Bc5+ 41. Kh2 Re7 42. Nxc5 Rxe5 43. Ne6 g4 44. Rg7+ Kh8 45. Rxg4 a5 46. Re1 a4 47. Rgxe4 Rxe4 48. Rxe4 a3 49. Re1 Ra5 50. d6 Rd5 51. Ra1 Rxd6 52. Nc5 Rc6 53. Ne4 Ra6 54. Nd2 Ra4 55. Nb1 Rb4 56.
Nxa3 Ra4 57. Nc2 Rc4 58. Ne3 Rc3 59. Ng4 Rc4 60. Rf1 Rc3 61. Rf3 Rc2 62. Kg3 Kg7 63.
h4 Kg6 64. Rf6+ Kg7 65. h5 Kg8 66. Rf3 Ra2 67. Kh3 Kh7 68. g3 Ra1 69. Kh4 Ra4 70. Kg5 Ra5+ 71. Rf5 Ra3 72. Rf7+ Kh8 73. Kh4 Ra1 74. h6 Ra6 75. Kh5 Ra5+ 76. Kg6 Ra6+ 77. Nf6 Ra7 78. Rf8# 1-0

[Event "Late-Titled-Tuesday-Blitz-April-23-2024"]
[Site "Chess.com"]
[Date "2024.04.23"]
[Round "6"]
[White "Akhayan"]
[Black "karinachess1"]
[Result "0-1"]
[WhiteElo "2413"]
[BlackElo "2600"]
[TimeControl "180+1"]
[EndTime "15:09:41 PDT"]
[Termination "karinachess1 won by resignation"]

1. e4 e5 2. Bc4 Nf6 3. d3 Be7 4. Nc3 O-O 5. f4 exf4 6. Bxf4 c6 7. Nf3 d5 8. exd5 cxd5 9. Bb3 d4 10. Ne2 Bb4+ 11. c3 dxc3 12. bxc3 Bd6 13. O-O Bxf4 14. Nxf4 Qc7 15. Qd2 Nc6 16. Kh1 Na5 17. Rae1 Nxb3 18. axb3 Bf5 19. Nd4 Bg4 20. h3 Bd7 21. c4 Rad8 22. Nf3 Bf5 23. Ne5 Rfe8 24. d4 Ne4 25. Qe3 f6 26. Ned3 Nd6 27. Qf3 Be4 28.
Qg4 Qf7 29. Nc5 Bf5 30. Qf3 b6 31. Ncd3 Be4 32. Qg4 Bf5 33. Qf3 Rxe1 34. Rxe1 h6 35. d5 Re8 36. Kh2 Rxe1 37. Nxe1 Qc7 38. Kh1 Be4 39. Qe2 f5 40. Ne6 Qf7 41. Nd3 Qf6 42.
Qe3 Nf7 43. Nf2 Nd6 44. Qg3 Nf7 45. Qb8+ Kh7 46. Nf8+ Kg8 47. Nd7+ Qd8 48. Qxd8+ Nxd8 49. Kg1 Bc2 50. b4 Bb3 51. Ne5 a5 52. bxa5 bxa5 53.
Nfd3 a4 54. Nc5 Kf8 55. Kf2 Ke7 56. Ke3 Kd6 57. Kd4 Bd1 58. Ned3 a3 59. Nb4 Nf7 60.
Ncd3 Bb3 61. c5+ Kc7 62. Nc1 Ba4 63. c6 Nd6 64. Na6+ Kb6 65. Nc5 Nb5+ 66. Ke5 Kxc5 67. c7 Nxc7 68. d6 Ne8 69. Ke6 Nxd6 70. Ke7 Nc4 71.
Ke6 Kb4 0-1

[Event "Late-Titled-Tuesday-Blitz-April-23-2024"]
[Site "Chess.com"]
[Date "2024.04.23"]
[Round "6"]
[White "GelmanAlexander"]
[Black "Der_Balak_3Halak"]
[Result "1-0"]
[WhiteElo "2632"]
[BlackElo "2445"]
[TimeControl "180+1"]
[EndTime "15:09:42 PDT"]
[Termination "GelmanAlexander won by checkmate"]

1. d4 d5 2. Nc3 Nf6 3. Bf4 e6 4. Nb5 Na6 5. e3 c6 6. Nc3 Bd6 7. g4 Bxf4 8. exf4 Qd6 9. g5 Ne4 10. Nxe4 dxe4 11. Bxa6 bxa6 12. Ne2 Rb8 13. b3 Bb7 14.
Qd2 c5 15. dxc5 Qxc5 16. O-O-O O-O 17. Qd4 Qa3+ 18. Qb2 Qxb2+ 19. Kxb2 e3 20. Rhe1 exf2 21. Rf1 a5 22. Rxf2 a4 23. Rd7 axb3 24. axb3 Rfd8 25. Rc7 Rd2 26. Kc3 Rd5 27. Nd4 Rc8 28. Rxc8+ Bxc8 29. Re2 Kf8 30. Re5 Rxe5 31. fxe5 Bd7 32. Kb4 Ke7 33. c4 f6 34. gxf6+ gxf6 35. exf6+ Kxf6 36. Kc5 e5 37. Nc2 Kg5 38. Kd6 Bf5 39. Ne3 e4 40.
Ke5 Bg6 41. c5 Be8 42. Kxe4 Bc6+ 43. Ke5 a5 44. Nc4 a4 45. bxa4 Bxa4 46. Ne3 Kh4 47. Kf4 Kh3 48. Ng4 h5 49. Nf6 h4 50. Kg5 Bc6 51.
Ng4 Bd7 52. Ne5 Bb5 53. Ng6 Kxh2 54. Kxh4 Kg2 55. Kg4 Kf2 56. Kf4 Ke2 57. Ke4 Bc6+ 58. Ke5 Kd3 59. Kd6 Be8 60. Ne5+ Kd4 61. Ng4 Kc4 62. Nf6 Ba4 63. Nd5 Bb3 64. Nb6+ Kb5 65.
Nd7 Ka6 66. c6 Ba4 67. c7 Kb7 68. Nb6 Bd7 69. Nxd7 Kc8 70. Nb6+ Kb7 71. c8=Q+ Ka7 72. Qc7+ Ka6 73. Nd7 Kb5 74. Qc5+ Ka6 75. Qb6# 1-0

[Event "Late-Titled-Tuesday-Blitz-April-23-2024"]
[Site "Chess.com"]
[Date "2024.04.23"]
[Round "6"]
[White "giomar27"]
[Black "ChessSwole"]
[Result "1/2-1/2"]
[WhiteElo "2503"]
[BlackElo "2698"]
[TimeControl "180+1"]
[EndTime "15:09:42 PDT"]
[Termination "Game drawn by repetition"]

1. Nc3 Nf6 2. d4 d5 3. Bf4 a6 4. e3 e6 5. g4 c5 6. g5 Nfd7 7. Nf3 Nc6 8. h4 b5 9. h5 Nb6 10. Bh3 Bd6 11. Ne5 Qc7 12. Nxc6 Bxf4 13. exf4 Qxc6 14.
Ne2 Nc4 15. b3 Nd6 16. dxc5 Qxc5 17. Qd4 Qxd4 18. Nxd4 Bd7 19. O-O-O O-O 20. Nf3 Ne4 21. Ne5 Ra7 22. Rhf1 Rc8 23. f3 Nc3 24. Rd2 Nxa2+ 25. Kb2 Nb4 26. f5 Re8 27. g6 hxg6 28. hxg6 fxg6 29.
fxg6 Nc6 30. Re1 Nxe5 31. Rxe5 Kf8 32. Rde2 Rc7 33. Bxe6 Bxe6 34. Rxe6 Rxe6 35. Rxe6 a5 36. Rb6 b4 37. Rd6 Rc5 38. Rd7 Rc6 39. Rxd5 Rxg6 40. Rxa5 Rf6 41. Rb5 Rf4 42. Rb7 g6 43. Kc1 Ke8 44.
Kd2 Kd8 45. Ke3 Rh4 46. Rb6 Rh2 47. Rxb4 Rxc2 48. Kf4 Ke7 49. Rb6 Kf7 50. b4 Rb2 51.
Kg4 Rb3 52. f4 Kg7 53. b5 Kh7 54. Kg5 Rg3+ 55. Kf6 Rf3 56. Ke5 Re3+ 57. Kd4 Rf3 58. Ke4 Rb3 59. Rb7+ Kh6 60. b6 Rb4+ 61. Ke5 Rb5+ 62.
Ke6 Rb4 63. Ke5 Rb5+ 64. Ke4 Rb4+ 65. Kf3 g5 66. fxg5+ Kxg5 67. Rb8 Kf6 68. b7 Kg7 69. Ke3 Rb6 70. Kd4 Rb1 71. Kd5 Rd1+ 72. Kc5 Rc1+ 73. Kb4 Rb1+ 74. Kc3 Rb6 75. Kc2 Rb5 76. Kc3 Rb6 77. Kc2 Rb5 78. Kc3 Rb6 1/2-1/2

[Event "Late-Titled-Tuesday-Blitz-April-23-2024"]
[Site "Chess.com"]
[Date "2024.04.23"]
[Round "6"]
[White "ricaurtelopezj1955"]
[Black "Flaccidmoves"]
[Result "1-0"]
[WhiteElo "2176"]
[BlackElo "2404"]
[TimeControl "180+1"]
[EndTime "15:09:46 PDT"]
[Termination "ricaurtelopezj1955 won by checkmate"]

1. e4 c6 2. d4 d5 3. exd5 cxd5 4. c4 Nf6 5. Nc3 Nc6 6. Bg5 dxc4 7. d5 Ne5 8. Qd4 Nd3+ 9. Bxd3 cxd3 10. Nf3 g6 11.
Bxf6 exf6 12. O-O Be7 13. Qxd3 O-O 14. Rfe1 f5 15. Rad1 Bd6 16. h4 a6 17. h5 Bd7 18.
Qd4 gxh5 19. Ne5 Be8 20. Rd3 f6 21. Nc4 Bf7 22. Ree3 Rc8 23. Nxd6 Qxd6 24. Rg3+ Kh8 25. Rge3 Rce8 26. Rd2 Rxe3 27. Qxe3 Re8 28. Qg3 f4 29. Qf3 Re1+ 30. Kh2 f5 31. Rd4 Qe5 32.
Qxf4 Qxf4+ 33. Rxf4 Re5 34. Rd4 Be8 35. d6 Bd7 36.
Kg3 Kg7 37. Kf4 Kf6 38. Nd5+ Ke6 39. Ne3 Re4+ 40. Rxe4+ fxe4 41. Kxe4 Kxd6 42. f4 Ke7 43. Ke5 Kf7 44. g3 b5 45. f5 a5 46. Nd5 Bc6 47. Nf4 h4 48. gxh4 b4 49. h5 a4 50. a3 bxa3 51.
bxa3 Bd7 52. Ne6 Bb5 53. Ng5+ Kg7 54. f6+ Kg8 55. Ke6 Bc4+ 56. Ke7 h6 57. f7+ Bxf7 58. Nxf7 Kh7 59. Kf6 Kg8 60. Kg6 Kf8 61. Nxh6 Ke7 62. Nf5+ Kf8 63. Nd4 Kg8 64. Nc6 Kh8 65.
Na5 Kg8 66. Nc4 Kf8 67. Nb2 Kg8 68. Nxa4 Kh8 69. Nc5 Kg8 70. a4 Kf8 71. a5 Kg8 72. a6 Kf8 73. a7 Ke7 74. a8=Q Kd6 75. Qc8 Ke5 76. h6 Kf4 77. h7 Kg3 78. h8=Q Kg2 79. Qc3 Kg1 80. Qa6 Kf2 81. Qa2+ Kf1 82. Qc1# 1-0

[Event "Late-Titled-Tuesday-Blitz-April-23-2024"]
[Site "Chess.com"]
[Date "2024.04.23"]
[Round "6"]
[White "samidescalona2002"]
[Black "WindWhistler11"]
[Result "1-0"]
[WhiteElo "2761"]
[BlackElo "2539"]
[TimeControl "180+1"]
[EndTime "15:09:47 PDT"]
[Termination "samidescalona2002 won by resignation"]

1. d4 e6 2. Nf3 Nf6 3. c4 c5 4.
d5 exd5 5. cxd5 Bd6 6. Nc3 O-O 7. g3 Re8 8. Bg2 Bf8 9. O-O d6 10. Nd2 b6 11. Nc4 Ba6 12. Qb3 Nbd7 13. a4 h6 14. Nb5 Ne5 15. Nca3 Ng6 16. Qc2 Bc8 17.
e4 a6 18. Nc3 Rb8 19. Nc4 Ne5 20. b3 b5 21. axb5 axb5 22. Na5 Qb6 23. Bf4 Bd7 24.
h3 Ng6 25. Be3 Ra8 26. b4 Qc7 27. Qb3 Rec8 28. Rfc1 c4 29. Qc2 Ne5 30. Rcb1 Nd3 31. Nc6 Bxc6 32. dxc6 Rxa1 33. Rxa1 Nxb4 34. Qb2 Nd3 35.
Qxb5 Rb8 36. Qxc4 Ne5 37. Qa6 Qxc6 38. Qxc6 Nxc6 39. Rd1 Ne5 40. Bf4 Nc4 41. Bf1 Rb4 42.
Kg2 Nb2 43. Re1 g5 44. Bc1 Na4 45. Nxa4 Rxa4 46. Bb2 Nxe4 47. Rd1 Nc5 48. Bd4 Rb4 49. Be3 Ne6 50. Be2 Bg7 51. Bg4 Be5 52. Rc1 Kg7 53. Rc8 Rb2 54. Kf3 Kf6 55. Rh8 Kg7 56. Ra8 Rb3 57. Ra7 Kf6 58. Kg2 Bd4 59. Bxd4+ Nxd4 60. Bh5 Ke5 61. Rxf7 Rb2 62. Rh7 Nf5 63. Bg4 Ne3+ 64. Kf3 Nxg4 65. hxg4 d5 66. Rxh6 d4 67. Rg6 d3 68.
Rxg5+ Kd4 69. Rg8 d2 70. Rd8+ Kc3 71. Ke2 Ra2 72. Rd3+ Kc4 73. Rxd2 Ra6 74. Kf3 Re6 75. Kg2 Rd6 76. Rxd6 1-0

[Event "Late-Titled-Tuesday-Blitz-April-23-2024"]
[Site "Chess.com"]
[Date "2024.04.23"]
[Round "6"]
[White "FlemingA"]
[Black "xberli"]
[Result "1/2-1/2"]
[WhiteElo "2453"]
[BlackElo "2623"]
[TimeControl "180+1"]
[EndTime "15:09:56 PDT"]
[Termination "Game drawn - insufficient material"]

1. e4 c6 2. Ne2 d5 3. e5 g6 4. h4 h5 5. d4 Bg7 6. Nf4 Nh6 7. e6 Qd6 8. exf7+ Kxf7 9. Bd3 Bf5 10. Nc3 Nd7 11. O-O e5 12. dxe5 Nxe5 13. Bd2 Rae8 14.
Re1 Nxd3 15. Nxd3 Bxd3 16. cxd3 Rxe1+ 17. Bxe1 Ng4 18. Qf3+ Kg8 19. g3 Kh7 20. Bd2 Rf8 21.
Bf4 Be5 22. Bxe5 Nxe5 23. Qe2 Nf3+ 24. Kg2 Nd4 25. Qd2 Qf6 26. f4 Re8 27. Re1 Re6 28.
Kf2 Qf5 29. Rxe6 Nxe6 30. Qe2 Qh3 31. Qe5 Ng7 32. Ne2 Nf5 33. Qc7+ Kh6 34. Qd8 Qh2+ 35. Ke1 Qh1+ 36. Kf2 Kh7 37. Qc7+ Kg8 38. Qd8+ Kf7 39. Qc7+ Ne7 40. Qxb7 Qh2+ 41. Ke1 Qh1+ 42. Kd2 Qf3 43. Qxa7 Kf6 44. Qe3 Qf1 45. Qe5+ Kf7 46.
Qc7 Qf2 47. a4 Qc5 48. Qe5 Qb4+ 49. Qc3 Qxa4 50. Nd4 Qa6 51. Nb3 Qb6 52. Nc5 Nf5 53.
Nb3 Qf2+ 54. Kc1 Ne3 55. Kb1 Qf1+ 56. Ka2 Qe2 57. Qxc6 Qxd3 58. Qb7+ Kf6 59. Qc6+ Kf5 60. Nc5 Qc4+ 61. Nb3 Kg4 62. Qxc4 dxc4 63. Nd4 Kxg3 64.
b3 cxb3+ 65. Kxb3 Kxf4 66. Kc3 Kg4 67. Kd3 Nf5 68. Ne6 Kxh4 69. Ke4 Ng3+ 70. Kf4 Nf5 71. Nf8 g5+ 72. Kxf5 g4 73. Ng6+ Kg3 74. Nf4 h4 75. Nh5+ Kh3 76. Nf4+ Kg3 77. Nh5+ Kf3 78. Kg5 h3 79. Kh4 h2 80. Ng3 Kg2 81. Kxg4 Kg1 82. Kh3 Kf2 83. Kxh2 1/2-1/2

[Event "Late-Titled-Tuesday-Blitz-April-23-2024"]
[Site "Chess.com"]
[Date "2024.04.23"]
[Round "6"]
[White "Denmark2015"]
[Black "Jahonas"]
[Result "1/2-1/2"]
[WhiteElo "2612"]
[BlackElo "2403"]
[TimeControl "180+1"]
[EndTime "15:10:02 PDT"]
[Termination "Game drawn - insufficient material"]

1. d4 Nf6 2. c4 e6 3. Nc3 d5 4. Bg5 Be7 5. e3 c6 6. Nf3 Nbd7 7. Bd3 h6 8. Bh4 a6 9. O-O b5 10. cxd5 cxd5 11. h3 Bb7 12. Rc1 O-O 13. Bb1 Re8 14. Bg3 Rc8 15. a3 Ne4 16. Nxe4 dxe4 17. Nd2 f5 18.
Ba2 Bg5 19. Qe2 Nb6 20. Be5 Bd5 21. Bxd5 Qxd5 22. f3 exf3 23. Nxf3 Be7 24. Nd2 Nc4 25. Nxc4 Rxc4 26. Rxc4 bxc4 27. Rc1 Rc8 28. Qc2 Bg5 29. Qc3 Qe4 30. Kf2 f4 31. exf4 Bxf4 32. Bxf4 Qxf4+ 33.
Kg1 Rd8 34. Qxc4 Qxd4+ 35. Qxd4 Rxd4 36. Rc6 Rd1+ 37. Kh2 Rd2 38. b4 e5 39. Rxa6 Rd3 40. b5 Rb3 41. a4 e4 42. Re6 Rb4 43. b6 Kf7 44. Rc6 Rxa4 45. Kg3 Rb4 46. Kf4 g5+ 47.
Ke3 Kg7 48. g4 Kh7 49. Rc7+ Kg6 50. b7 Kf6 51. Rh7 Kg6 52. Rd7 Kf6 53. Rc7 Kg6 54. Rc6+ Kg7 55. Rc7+ Kg6 56. Kd2 Kf6 57. Kc3 Rb1 58.
Kc2 Rb5 59. Kd2 Rb3 60. Ke2 Kg6 61. Kf2 Kf6 62. Rh7 Kg6 63. Re7 Kf6 64. Rxe4 Rxb7 65. Rc4 Kg6 66. Rc6+ Kg7 67. Rc3 Rf7+ 68. Kg3 Rb7 69.
h4 gxh4+ 70. Kxh4 Rb5 71. Rc7+ Kg6 72. Rc4 Kg7 73. Rc6 Ra5 74. Rd6 Rb5 75. Ra6 Rc5 76.
Ra7+ Kg6 77. Ra8 Rc4 78. Rg8+ Kh7 79. Re8 Kg6 80. Re7 h5 81. Re6+ Kf7 82. Rh6 hxg4 83. Kg3 Kg7 84. Ra6 Kf7 85. Rb6 Kg7 86. Ra6 Kf7 87.
Rb6 Ke7 88. Ra6 Kd7 89. Rg6 Kc7 90. Rxg4 Rxg4+ 91. Kxg4 1/2-1/2

[Event "Late-Titled-Tuesday-Blitz-April-23-2024"]
[Site "Chess.com"]
[Date "2024.04.23"]
[Round "6"]
[White "Smoking_Crow"]
[Black "Zampronha1971"]
[Result "0-1"]
[WhiteElo "2599"]
[BlackElo "2461"]
[TimeControl "180+1"]
[EndTime "15:10:08 PDT"]
[Termination "Zampronha1971 won by checkmate"]

1. e4 c5 2. Nf3 e6 3. c3 Nf6 4. e5 Nd5 5. d4 cxd4 6. cxd4 b6 7. Bd3 Bb7 8. O-O d6 9. Re1 Nd7 10. Bd2 dxe5 11. dxe5 Be7 12. Nc3 Nxc3 13. Bxc3 O-O 14. Qe2 Nc5 15. Bc2 Ba6 16. Qe3 Qe8 17. b4 Na4 18. Qe4 g6 19. Bd2 Qb5 20. Nd4 Qd7 21. b5 Bb7 22. Qf4 Rfd8 23. Be3 Nc5 24. Qg3 Ne4 25. Qg4 Nc3 26. Bb3 Nd5 27. Rad1 Rac8 28.
Bh6 Qe8 29. h4 Nc3 30. Rd3 Nxb5 31. Ba4 a6 32. Red1 Bd5 33. h5 Rc4 34. Bb3 Rxd4 35.
Rxd4 Nxd4 36. Rxd4 Bxb3 37. axb3 Rxd4 38. Qxd4 Bc5 39.
Qe4 Qd8 40. Qf3 a5 41. g3 Bd4 42. Qf4 Bc5 43. Kg2 Bf8 44. Bxf8 Kxf8 45. h6 Kg8 46. Kh2 Qb8 47. Qf6 Qf8 48. Kg2 Qxh6 49. Qd8+ Qf8 50.
Qxb6 Qb4 51. Qd8+ Kg7 52. Qd3 a4 53. bxa4 Qxa4 54. Qf3 Qd4 55. Qf6+ Kg8 56. f4 Qd5+ 57. Kh3 Qe4 58. Kh2 Qf5 59. Qd8+ Kg7 60. Qd2 h6 61.
Qe3 g5 62. fxg5 Qxg5 63. Qe4 Qf5 64. Qe3 Qg5 65. Qe2 Kg6 66. Qe4+ Qf5 67. Qe2 Qh5+ 68. Qxh5+ Kxh5 69. Kg2 Kg5 70. Kf3 Kf5 71. g4+ Kxe5 72. Kg3 Kf6 73. Kh4 Kg6 74. Kg3 f6 75. Kf4 e5+ 76.
Kg3 Kg5 77. Kf3 h5 78. gxh5 Kxh5 79. Ke4 Kg6 80. Kf3 Kf5 81. Ke3 e4 82. Ke2 Ke5 83. Kf2 Kf4 84. Ke2 e3 85. Kd3 Kf3 86. Kc2 Kf2 87. Kd3 e2 88. Ke4 e1=Q+ 89. Kf4 Qc1+ 90. Kg4 Qd1+ 91. Kh3 Qg1 92. Kh4 Kf3 93. Kh5 Kf4 94. Kh6 Kf5 95. Kh7 Ke6 96. Kh8 Kf7 97. Kh7 Qh1# 0-1

[Event "Late-Titled-Tuesday-Blitz-April-23-2024"]
[Site "Chess.com"]
[Date "2024.04.23"]
[Round "6"]
[White "ilushka"]
[Black "PepeCuenca"]
[Result "0-1"]
[WhiteElo "2541"]
[BlackElo "2813"]
[TimeControl "180+1"]
[EndTime "15:10:13 PDT"]
[Termination "PepeCuenca won on time"]

1. Nf3 Nf6 2. g3 g6 3. b3 Bg7 4.
Bb2 O-O 5. Bg2 d6 6. d4 a5 7. c4 a4 8. O-O Bf5 9. Na3 Be4 10. Nc2 Nfd7 11. Re1 Nc6 12. Bf1 e6 13. Nd2 Bxc2 14.
Qxc2 Bxd4 15. bxa4 Bxb2 16. Qxb2 Nc5 17. Nb3 Nxa4 18.
Qc2 Qf6 19. Rec1 Nd4 20. Qd3 Nxb3 21. axb3 Nc5 22. Qd1 Rxa1 23. Rxa1 Nxb3 24. Ra3 Nc5 25. Rf3 Qb2 26. h4 Ra8 27. e3 Ra1 28. Qd4 Qxd4 29. exd4 Ne4 30. Rd3 Ra2 31. Re3 Nxf2 32. Be2 Nd1 33. Bxd1 Rd2 34. Be2 Rxd4 35. Rb3 b6 36. Ra3 d5 37. Ra7 dxc4 38. Rxc7 b5 39. Rc5 Rd5 40.
Rc8+ Kg7 41. Kf2 Re5 42. Bf3 h5 43. Rc7 Kf6 44. Be2 Rd5 45. Bf3 Rd2+ 46. Ke3 Rb2 47. Be2 Rb3+ 48. Kf2 Kg7 49. Rc5 Kf8 50. Bf3 Ke7 51. Rc7+ Kf6 52. Be2 Rb2 53. Kf3 Rd2 54. Ke3 Rd5 55. Bf3 Re5+ 56. Kf2 Rf5 57.
Ke3 Ke5 58. Rc5+ Kd6 59. Rc6+ Kd7 60. Rb6 Kc7 61. Rb7+ Kd6 62. Be4 Rf1 63. Rxb5 f5 64. Bf3 Re1+ 65. Kf2 Rc1 66. Rb6+ Ke5 67. Rc6 c3 68. Be2 Kd5 69. Bf3+ Ke5 70. Be2 Rc2 71. Ke3 Rc1 72. Kd3 Rg1 73. Kxc3 Rxg3+ 74. Kd2 Rh3 75. Bc4 Kd4 76. Bxe6 Rh2+ 77. Ke1 Rxh4 78. Bc8 Rg4 79. Kf2 h4 80. Kf3 h3 81. Ra6 h2 82. Ra1 Rg1 83.
Ra4+ Ke5 0-1

[Event "Late-Titled-Tuesday-Blitz-April-23-2024"]
[Site "Chess.com"]
[Date "2024.04.23"]
[Round "6"]
[White "alexrustemov"]
[Black "TangerineandLemon25"]
[Result "1-0"]
[WhiteElo "2849"]
[BlackElo "2645"]
[TimeControl "180+1"]
[EndTime "15:10:19 PDT"]
[Termination "alexrustemov won on time"]

1. d4 d5 2. c4 e6 3. Nc3 a6 4.
cxd5 exd5 5. Nf3 h6 6. Bf4 Nf6 7. e3 Bd6 8. Bxd6 Qxd6 9. Qb3 O-O 10. Bd3 Nc6 11. h3 Ne7 12. Qc2 g6 13. Rb1 Bf5 14.
b4 c6 15. a4 Qe6 16. O-O Bxd3 17. Qxd3 Nf5 18. b5 axb5 19. axb5 Ra3 20. Qd2 Nd6 21. bxc6 bxc6 22. Ne2 Nfe4 23. Qc2 Nc4 24. Nf4 Qd6 25.
Nd3 Rfa8 26. Nde5 Rc3 27. Qe2 c5 28. dxc5 Qxc5 29. Ng4 Kg7 30. Rbc1 Raa3 31. Rxc3 Rxc3 32. Qa2 Ncd6 33. Qa1 Kh7 34. Nge5 Ra3 35. Qb2 Rc3 36. Qb8 Qc7 37. Qf8 Rb3 38. Ng4 h5 39. Qh6+ Kg8 40. Nge5 Qe7 41. Qf4 Rb4 42. Nc6 Qb7 43. Nxb4 Qxb4 44.
Nd4 Nc4 45. h4 Kg7 46. Nf3 Qe7 47. Ng5 Nxg5 48. Qxg5 Qe6 49. Qf4 Ne5 50. Rd1 Ng4 51. Qd4+ Nf6 52. f3 Qc6 53. Kf2 Qc2+ 54. Rd2 Qf5 55.
Rb2 Kh7 56. Rb6 Ng4+ 57. Kg3 Ne5 58. Qf4 Qxf4+ 59. Kxf4 Nd3+ 60. Kg3 Ne5 61. Rd6 Nc4 62. Rd7 Kg7 63. Kf2 Kf6 64. Rxd5 Ke6 65. Rd4 Ne5 66. Ra4 Nd3+ 67. Kg3 Ne5 68. Ra6+ Ke7 69. Ra7+ Kf6 70. e4 Nd3 71. Ra6+ Kg7 72. Ra3 Ne5 73. Kf2 Kf6 74. Rc3 Ke6 75. Ke3 Kf6 76. g3 Ke6 77. f4 Ng4+ 78.
Kd4 Nf6 79. Rc6+ Ke7 80. Rxf6 Kxf6 81. Kd5 Ke7 82. Kc6 Ke6 83. Kc7 Ke7 84. Kc6 Ke6 85. Kc5 Ke7 86. Kd5 Kd7 87. Ke5 Ke7 88. f5 f6+ 89. Kd5 g5 90. Kc6 g4 91. Kc7 1-0